 Dungeon Crawl Stone Soup version 0.24.0-1-gfbc8707122 (webtiles) character file.

Game seed: 1436478320449114253, levelgen mode: deterministic

4499 Mesmaeker13 the Blocker (level 10, -6/73 HPs)
             Began as a Formicid Fighter on Oct 28, 2019.
             Was a Follower of Hepliaklqana.
             Mangled by a large abomination (18 damage)
             ... on level 2 of the Abyss.
             The game lasted 00:15:26 (10147 turns).

Mesmaeker13 the Blocker (Formicid Fighter)         Turns: 10147, Time: 00:15:26

Health: -6/73      AC: 14    Str: 17 (18) XL:     10   Next: 65%
Magic:  7/7        EV:  5    Int:  7 (8)  God:    Hepliaklqana [*.....]
Gold:   210        SH: 11    Dex: 12      Spells: 9/9 levels left

rFire    + . .     SeeInvis +   D - +0 halberd
rCold    . . .     Gourm    .   c - +0 shield
rNeg     . . .     Faith    .   v - +0 plate armour {rF+}
rPois    +         Spirit   .   (helmet unavailable)
rElec    .         Reflect  .   (no cloak)
rCorr    .         Harm     .   (no gloves)
MR       +....                  (no boots)
Stlth    ..........             (no amulet)
HPRegen  0.22/turn              z - ring of poison resistance
MPRegen  0.10/turn              (no ring)

@: no status effects
A: permanent stasis, dig shafts and tunnels, four strong arms, reduced essence,
antennae 3, [deterioration 2], [low mp 3], [weak 2]
a: Dig, Shaft Self, Recall Ancestor, Ancestor Identity, Renounce Religion


You were on level 2 of the Abyss.
You worshipped Hepliaklqana.
Hepliaklqana was aware of your devotion.
You were very hungry.

You visited 2 branches of the dungeon, and saw 9 of its levels.
You visited the Abyss 1 time.

You collected 450 gold pieces.
You spent 240 gold pieces at shops.

Inventory:

Hand Weapons
 a - a +0 trident
 D - a +0 halberd (weapon)
Missiles
 g - 26 poisoned darts (quivered)
 y - 7 javelins
Armour
 c - a +0 shield (worn)
 v - a +0 plate armour of fire resistance (worn)
 w - a +3 scale mail of magic resistance
Jewellery
 z - a ring of poison resistance (left hand)
Wands
 s - a wand of flame (4)
Scrolls
 i - a scroll of noise {unknown}
 j - 3 scrolls of remove curse
 k - 2 scrolls of fear
 o - a scroll of amnesia {unknown}
 p - 2 scrolls of immolation
 q - 2 scrolls of magic mapping
 x - a scroll of enchant weapon {unknown}
Potions
 b - 2 potions of agility
 d - 2 potions of might
 e - a potion of ambrosia {unknown}
 h - 2 potions of lignification {unknown}
 l - 3 potions of heal wounds {unknown}
 m - a potion of berserk rage {unknown}
 n - a potion of cancellation {unknown}
 r - 2 potions of magic
 t - 3 potions of curing
 u - a potion of flight {unknown}
 A - 2 potions of mutation {unknown}
 B - a potion of haste {unknown}
 C - a potion of degeneration {unknown}
Comestibles
 f - 10 rations


   Skills:
 + Level 8.8 Fighting
 + Level 7.7 Polearms
 + Level 8.8 Armour
 + Level 9.7 Shields


You had 9 spell levels left.
You didn't know any spells.
Your spell library was empty.

Dungeon Overview and Level Annotations

Branches:
Dungeon (8/15)             Temple (1/1) D:4
   Lair: D:8-11

Altars:
Cheibriados
Dithmenos
Fedhas
Gozag
Hepliaklqana
Makhleb
Nemelex Xobeh
Okawaru
Qazlal
Ru
Sif Muna
Trog
Vehumet
Xom
Zin
The Shining One

Shops:
D:6 *

Annotations:
D:5 1 runed translucent door, Crazy Yiuf
D:8 Psyche


Innate Abilities, Weirdness & Mutations

You cannot be hasted, slowed, berserked, paralysed or teleported.
You can dig through walls and to a lower floor.
Your four strong arms can wield two-handed weapons with a shield.
You have a pair of large antennae on your head. (SInv)
Your life essence is reduced to manifest your ancestor. (-10% HP)
[Your body often deteriorates upon taking damage.]
[Your magical capacity is extremely low. (-30% MP)]
[You are very weak. (Str -4)]


Message History

The large abomination is severely damaged.
The large abomination barely misses you.
You block the efreet's attack.
Unknown command.
You closely miss the large abomination.
The large abomination is severely damaged.
The efreet hits you but does no damage. The large abomination hits you!!
* * * LOW HITPOINT WARNING * * *
Your body deteriorates!
You feel weakened.
You hit the large abomination.
The large abomination is severely damaged.
The efreet gestures at you. The bolt of fire hits you! You resist.
* * * LOW HITPOINT WARNING * * *
Your body deteriorates!
You feel dopey.
Unknown command.
You puncture the large abomination!
The large abomination is almost destroyed.
The large abomination hits you!!
You die...

# ##..##.#..# .# . .
#.#. .###....# .##.#
#... .#.... #.#
.#....##.... ....##
...... #..# . ....
....##.#..# ..# .## .
...####.###...# #
..###....#............
# .# #.. .#####@.##...
#. ###....#..RX*# . ..
.....#.###..#
.........#{.. #... # .
....... .#.#.# . .
#.#.# # #. . . #.#.#
#### . #.#.# # .#


You could see a wretched star, a large abomination and an efreet.

Vanquished Creatures
  A hippogriff (D:7)
  Sigmund (D:5)
  Eustachio (D:5)
  Menkaure (D:4)
  Edmund (D:4)
  A water moccasin (D:6)
  Duvessa (D:4)
  2 sky beasts
  2 orc warriors
  A black bear (D:6)
  An ice beast (D:7)
  2 ogres
  The ghost of eeldvark the Digger, an amateur GnWn (D:3)
  A bullfrog (D:7)
  Dowan (D:4)
  A scorpion (D:4)
  A water moccasin skeleton (D:7)
  4 killer bees (D:6)
  4 wights (D:7)
  A crimson imp (D:3)
  A centaur zombie (D:6)
  A jelly (D:5)
  A bullfrog zombie (D:7)
  8 orc priests
  8 orc wizards
  2 iguanas
  4 bullfrog skeletons
  Ijyb (D:5)
  5 worker ants
  Robin (D:4)
  3 gnolls (D:6)
  6 adders
  An adder zombie (D:7)
  2 adder skeletons
  4 worms
  4 dart slugs
  3 leopard geckos
  24 orcs
  6 giant cockroaches
  12 goblins
  15 hobgoblins
  2 jackals (D:2)
  A quokka (D:2)
  A ball python skeleton (D:5)
  7 bats
  6 frilled lizards
  A giant cockroach zombie (D:5)
  7 kobolds
  A leopard gecko skeleton (D:7)
  11 rats
178 creatures vanquished.

Vanquished Creatures (collateral kills)
  A two-headed ogre (D:7)
  A sky beast (D:5)
  An ice beast (D:7)
  An ogre (D:5)
  A killer bee (D:6)
  A howler monkey (D:5)
  A centaur skeleton (D:5)
  A bullfrog zombie (D:6)
  2 adders
  A worm (D:5)
  A jackal skeleton (D:3)
12 creatures vanquished.

Vanquished Creatures (others)
  2 ancestors (D:6)
2 creatures vanquished.

Grand Total: 192 creatures vanquished

Notes
Turn   | Place    | Note
-------+----------+-------------------------------------------
     0 | D:1      | Mesmaeker13 the Formicid Fighter began the quest for the
                  | Orb.
     0 | D:1      | Reached XP level 1. HP: 18/18 MP: 1/1
    50 | D:1      | Reached XP level 2. HP: 24/24 MP: 2/2
   485 | D:1      | Reached skill level 4 in Shields
   485 | D:1      | Reached XP level 3. HP: 14/29 MP: 3/3
  1444 | D:2      | Found a burning altar of Makhleb.
  1487 | D:2      | Reached XP level 4. HP: 18/37 MP: 4/4
  2193 | D:2      | Found a sparkling altar of Nemelex Xobeh.
  2193 | D:2      | Found a shadowy altar of Dithmenos.
  2804 | D:2      | Reached XP level 5. HP: 26/42 MP: 5/5
  3020 | D:2      | Reached skill level 5 in Shields
  3020 | D:2      | Reached XP level 6. HP: 31/49 MP: 6/6
  3342 | D:3      | Found a glowing golden altar of the Shining One.
  3391 | D:3      | Found a transporter.
  3419 | D:3      | Found a transporter.
  3420 | D:3      | Noticed eeldvark's ghost (amateur GnWn)
  3978 | D:4      | Reached XP level 7. HP: 25/55 MP: 7/7
  4094 | D:4      | Noticed Robin
  4112 | D:4      | Killed Robin
  4503 | D:4      | Reached skill level 5 in Fighting
  4503 | D:4      | Reached skill level 5 in Armour
  4650 | D:4      | Noticed Duvessa
  4678 | D:4      | Killed Duvessa
  4689 | D:4      | Noticed Dowan
  4694 | D:4      | Killed Dowan
  4697 | D:4      | Reached skill level 6 in Shields
  4753 | D:4      | You fall into a shaft and drop 3 floors!
  5023 | D:7      | Reached XP level 8. HP: 63/63 MP: 8/8
  5126 | D:5      | Entered Level 5 of the Dungeon
  5234 | D:4      | Noticed Menkaure
  5246 | D:4      | HP: 3/64 [Menkaure (2)]
  5247 | D:4      | Killed Menkaure
  5587 | D:4      | Noticed Edmund
  5605 | D:4      | Killed Edmund
  5605 | D:4      | Reached skill level 5 in Polearms
  5713 | D:4      | Found a staircase to the Ecumenical Temple.
  5727 | Temple   | Entered the Ecumenical Temple
  5821 | Temple   | Became a worshipper of Hepliaklqana the Forgotten
  6084 | D:5      | Noticed Sigmund
  6101 | D:5      | Killed Sigmund
  6101 | D:5      | Reached skill level 7 in Shields
  6120 | D:5      | Found an iron altar of Okawaru.
  6176 | D:5      | Found a blossoming altar of Fedhas.
  6187 | D:5      | Reached XP level 9. HP: 63/63 MP: 9/9
  6332 | D:5      | Found a burning altar of Makhleb.
  6367 | D:5      | Noticed Eustachio
  6393 | D:5      | Killed Eustachio
  6643 | D:5      | Found a runed translucent door.
  6644 | D:5      | Noticed Crazy Yiuf
  6683 | D:5      | Noticed Ijyb
  6691 | D:5      | Killed Ijyb
  6850 | D:3      | Killed eeldvark's ghost
  6943 | D:5      | Reached skill level 8 in Shields
  7417 | D:6      | Found a bloodstained altar of Trog.
  7461 | D:6      | Found Bagoxuh's Serpentskin Sales.
  7675 | D:6      | Bought an uncursed ring of poison resistance for 240 gold
                  | pieces
  7762 | D:6      | Found a glowing silver altar of Zin.
  8124 | D:7      | Reached * piety under Hepliaklqana
  8154 | D:7      | Reached XP level 10. HP: 71/72 MP: 10/10
  8220 | D:7      | Reached skill level 9 in Shields
  8243 | D:7      | Noticed a two-headed ogre
  9233 | D:7      | HP: 2/73 [two-headed ogre/+0 giant club (16)]
  9235 | D:7      | Killed a two-headed ogre
  9623 | D:7      | Found a stormy altar of Qazlal.
  9660 | D:7      | Found a shimmering blue altar of Sif Muna.
 10047 | D:8      | Noticed Psyche
 10052 | D:8      | Cast into level 2 of the Abyss (Psyche)
 10138 | Abyss:2  | Noticed a wretched star
 10138 | Abyss:2  | Noticed an efreet
 10147 | Abyss:2  | Mangled by a large abomination

Levels and vault maps discovered:
D:1:      dpeg_arrival_tiny_d, layout_rooms
D:2:      layout_basic, bloody_makhleb, gammafunk_temple_overflow_wave,
          first_ration
D:3:      layout_basic, gammafunk_ghost_mausoleum, minivault_14,
          chequers_decorated_corner, minmay_misc_feat_four_crosses,
          nicolae_tso_carved_into_rock
D:4:      layout_loops_ring, minmay_temple_entry_proselytizer, uniq_duvessa,
          uniq_menkaure, uniq_robin, uniq_edmund
D:5:      layout_rooms, kennysheep_okawaru_gauntlet, overflow_temple_1_default,
          basic_altar, uniq_sigmund, uniq_eustachio, uniq_ijyb,
          uniq_crazy_yiuf_cottage
D:6:      layout_loops_ring, zin_treasury, bloody_trog, guppyfry_shop_venom
D:7:      layout_rooms, grunt_qazlal_sundering, basic_altar
D:8:      layout_basic, nicolae_overflow_crystal_walls, uniq_grum, uniq_psyche
Temple:   minmay_temple_curvy_loop
Abyss:2

Skill      XL: |  1  2  3  4  5  6  7  8  9 10 |
---------------+-------------------------------+-----
Shields        | 4 5 6 7 8 9 |  9.7
Armour         | 4 5 6 7 8 |  8.8
Fighting       | 4 5 6 7 8 |  8.8
Polearms       | 3 4 5 6 7 |  7.7

Action                   |  1- 3 |  4- 6 |  7- 9 | 10-12 || total
-------------------------+-------+-------+-------+-------++-------
Melee: Trident           |   142 |   248 |   197 |       ||   587
       Scythe            |       |       |   164 |    22 ||   186
       Halberd           |       |       |       |    84 ||    84
Throw: Dart              |       |       |       |    10 ||    10
Invok: Recall Ancestor   |       |       |     2 |     1 ||     3
Evoke: Wand              |       |       |     8 |     7 ||    15
  Use: Scroll            |     2 |     3 |     1 |     3 ||     9
       Potion            |       |       |     2 |       ||     2
 Stab: Distracted        |       |       |     2 |       ||     2
       Paralysed         |       |       |       |     6 ||     6
  Eat: Chunk             |     1 |     9 |    11 |     5 ||    26
       Ration            |       |       |     1 |       ||     1
Armor: Scale mail        |    47 |    58 |   162 |    16 ||   283
       Plate armour      |       |       |       |    23 ||    23
Dodge: Dodged            |    47 |    47 |   101 |    35 ||   230
Block: Shield            |    60 |    83 |   210 |    69 ||   422
